 Dungeon Crawl Stone Soup version 0.23-a0-338-g8ff0b24 (webtiles) character file.

85 Ijustatesigmund the Conjurer (level 4, -1/27 HPs)
             Began as an Octopode Wizard on Oct 18, 2018.
             Slain by an orc priest
             ... wielding a +0 mace
              (3 damage)
             ... on level 3 of the Dungeon.
             The game lasted 00:07:31 (3582 turns).

Ijustatesigmund the Conjurer (Octopode Wizard)      Turns: 3582, Time: 00:07:32

Health: -1/27      AC:  1    Str:  3 (6)  XL:     4   Next: 48%
Magic:  1/8        EV: 13    Int: 18 (20) God:
Gold:   113        SH:  0    Dex:  9 (11) Spells: 3/9 levels left

rFire    . . .     SeeInvis .   j - staff of cold
rCold    + . .     Gourm    .   (no shield)
rNeg     . . .     Faith    .   a - +0 hat
rPois    .         Spirit   .   (no amulet)
rElec    .         Reflect  .   (no ring)
rCorr    .         Harm     .   (no ring)
MR       .....                  (no ring)
Stlth    +++.......             (no ring)
HPRegen  0.09/turn              (no ring)
MPRegen  0.11/turn              (no ring)
                                (no ring)
                                (no ring)

@: no status effects
A: almost no armour, stealthy swim, amphibious, 8 rings, constrict 8, camouflage
1, gelatinous body 1
a: no special abilities


You were on level 3 of the Dungeon.
You were not hungry.

You visited 1 branch of the dungeon, and saw 3 of its levels.

You collected 113 gold pieces.

Inventory:

Hand Weapons
 e - a +0 short sword
Armour
 a - a +0 hat (worn)
 d - a +0 large shield
Magical Staves
 j - an uncursed staff of cold (weapon)
Potions
 b - a potion of resistance
 g - 2 potions of flight
 h - a potion of ambrosia
Comestibles
 c - 7 rations
 l - a chunk of flesh


   Skills:
 - Level 2.0 Dodging
 - Level 2.6 Stealth
 - Level 3.0 Spellcasting
 - Level 3.1 Conjurations
   Level 1.0 Summonings
 + Level 2.5 Translocations
 * Level 0.4 Air Magic
 + Level 0.4 Poison Magic


You had 3 spell levels left.
You knew the following spells:

 Your Spells              Type           Power        Failure   Level  Hunger
a - Magic Dart            Conj           ##..         4%          1    None
b - Blink                 Tloc           N/A          9%          2    ##.....
c - Mephitic Cloud        Conj/Pois/Air  #.......     28%         3    ###....

Your spell library contained the following spells:

 Spells                   Type           Power        Failure   Level  Hunger
 Call Imp                 Summ           #.......     16%         2    ##.....
 Slow                     Hex            #.......     24%         2    ##.....
 Conjure Flame            Conj/Fire      #.......     26%         3    ###....


Dungeon Overview and Level Annotations

Branches:
Dungeon (3/15)

Altars:
Gozag
Hepliaklqana


Innate Abilities, Weirdness & Mutations

You cannot wear most types of armour.
You are very stealthy in the water. (Stealth+)
You are amphibious.
You can wear up to eight rings at the same time.
You can use your tentacles to constrict eight enemies at once.
Your skin changes colour to match your surroundings (Stealth+).
Your rubbery body absorbs attacks. (AC +1, EV +1)


Message History

The orc priest invokes the aid of Beogh against you.
Beogh smites you!
* * * LOW HITPOINT WARNING * * *
It was a potion of degeneration.
There was something very wrong with that liquid.
You feel weakened.
You feel dopey.
You feel clumsy. The orc barely misses you.
The orc priest miscasts a cantrip.
You aren't carrying any scrolls.
Unknown command.
You closely miss the orc priest. You grab the orc priest.
You constrict the orc priest. The orc hits you.
* * * LOW HITPOINT WARNING * * *
The orc priest hits you with a +0 mace.
* * * LOW HITPOINT WARNING * * *
You hit the orc priest.
The orc priest is moderately wounded.
You constrict the orc priest, but do no damage.
The orc misses you. The orc priest hits you with a +0 mace.
You die...

..<.....##############..
#########..#.. ..#.
........##..#.### ##.#. ..
#.......#.#.. #.## ...
#.......#.#.# #.#.
....#.......#.#.# #.#.#.
............#.#.# #....<
####...)#.o##.#.#######.....
#...#....o@................
#...#.##.#.#+#.#.######....
#.. #....#.....# #..... #.
#.%..#.....# ...#.#. #.
......#.....# ###.#.#.
................. . ..##
....######.###### #### #.#
#.#


You could see an orc priest and an orc.

Vanquished Creatures
  A gnoll (D:1)
  An adder (D:2)
  3 worms (D:2)
  A dart slug (D:2)
  2 leopard geckos (D:2)
  2 orcs (D:3)
  3 ball pythons
  8 bats
  2 giant cockroaches
  4 goblins (D:1)
  9 hobgoblins
  3 quokkas (D:2)
  8 frilled lizards
  3 kobolds
  3 rats
53 creatures vanquished.

Notes
Turn   | Place    | Note
-------+----------+-------------------------------------------
     0 | D:1      | Ijustatesigmund the Octopode Wizard began the quest for the
                  | Orb.
     0 | D:1      | Reached XP level 1. HP: 11/11 MP: 4/4
   171 | D:1      | Reached XP level 2. HP: 17/17 MP: 3/6
   175 | D:1      | Learned a level 2 spell: Blink
  1336 | D:2      | Reached XP level 3. HP: 21/21 MP: 2/7
  1342 | D:2      | Learned a level 3 spell: Mephitic Cloud
  2628 | D:2      | Found an opulent altar of Gozag.
  2794 | D:2      | Reached XP level 4. HP: 27/27 MP: 5/8
  3093 | D:2      | Found a hazy altar of Hepliaklqana.
  3582 | D:3      | Slain by an orc priest

Vault maps used:
D:1:      saegor_arrival_simple_b
D:2:      nicolae_overflow_hidden_temple, lemuel_round_altar,
          minmay_tree_intersection, minmay_crystal_room
D:3:      nemelex_xobeh_ov_fountains_minmay, ebering_ghost_gozag,
          grunt_dithmenos_smoke_and_mirrors

Skill      XL: |  1  2  3 |
---------------+----------+-----
Conjurations   | 2 3 |  3.1
Translocations | 2 |  2.5
Dodging        | |  2.0
Stealth        | |  2.6
Spellcasting   | |  3.0
Summonings     | |  1.0
Air Magic      | |  0.4
Poison Magic   | |  0.4

Action                   |  1- 3 |  4- 6 || total
-------------------------+-------+-------++-------
Melee: Unarmed           |     5 |       ||     5
       Constrict         |     4 |     4 ||     8
       Short sword       |     6 |    12 ||    18
       Tentacles         |     2 |     3 ||     5
       Staff             |       |     7 ||     7
 Cast: Magic Dart        |    72 |    47 ||   119
       Mephitic Cloud    |     1 |       ||     1
  Use: Scroll            |     3 |     6 ||     9
       Potion            |       |     1 ||     1
  Eat: Chunk             |     2 |     3 ||     5
       Ration            |     1 |       ||     1
Armor: Skin              |     3 |     1 ||     4
Dodge: Dodged            |    18 |    11 ||    29

Table legend:
 A = Non-vault XP
 B = Vault XP
 C = Vault XP percentage of total XP
 D = Non-vault monster count
 E = Vault monster count
 F = Vault count percentage of total count
                 A         B        C        D         E       F
            +---------+---------+-------+---------+---------+-------
      Total |     122 |       0 |   0.0 |      53 |       0 |   0.0
            +---------+---------+-------+---------+---------+-------
        D:1 |      34 |       0 |   0.0 |      17 |       0 |   0.0
        D:2 |      72 |       0 |   0.0 |      28 |       0 |   0.0
        D:3 |      16 |       0 |   0.0 |       8 |       0 |   0.0
            +---------+---------+-------+---------+---------+-------
